 Dungeon Sprint DCSS version 0.30-a0-1157-g2cc9ac7196 (webtiles) character file.

Game seed: 17028469888720948929

118 123456 the Trooper (level 4, -4/47 HPs)
             Began as a Minotaur Fighter on Apr 24, 2023.
             Killed from afar by a white imp (10 damage)
             ... with a puff of frost
             ... in the Dungeon (Sprint IX: "|||||||||||||||||||||||||||||").
             The game lasted 00:00:14 (54 turns).

123456 the Trooper (Minotaur Fighter)                 Turns: 54, Time: 00:00:15

Health: -4/47      AC:  7    Str: 22    XL:     4   Next: 72%
Magic:  3/3        EV: 10    Int:  5    God:
Gold:   0          SH:  4    Dex: 10    Spells: 3/3 levels left

rFire   . . .        a - +0 flail
rCold   . . .        c - +0 buckler
rNeg    . . .        b - +0 scale mail
rPois   .            (helmet restricted)
rElec   .            (no cloak)
rCorr   .            (no gloves)
SInv    .            (no boots)
Will    .....        (no amulet) Stlth
                     (no ring)
HPRegen 0.27/turn    (no ring)
MPRegen 0.08/turn

%: no teleportation
@: no status effects
A: horns 2, retaliatory headbutt
a: no special abilities


You were in the Dungeon.
You visited 1 branch

Inventory:

Hand Weapons
 a - a +0 flail (weapon)
Armour
 b - a +0 scale mail (worn)
 c - a +0 buckler (worn)
Scrolls
 j - a scroll of blinking
Potions
 d - a potion of might
 e - a potion of curing
 f - a potion of heal wounds
 g - a potion of haste
 h - 2 potions of magic
 i - a potion of berserk rage


   Skills:
 * Level 7.4 Fighting
 * Level 7.0 Maces & Flails
 + Level 5.8 Armour
 + Level 3.8 Dodging
 - Level 3.6 Shields


You had 3 spell levels left.
You didn't know any spells.
Your spell library was empty.

Dungeon Overview and Level Annotations

Branches:
Dungeon (1/1)

Altars:


Innate Abilities, Weirdness & Mutations

You have a pair of horns on your head.
You reflexively headbutt those who attack you in melee.


Message History

You kill the iguana!
Your Fighting skill increases to level 5!
Your Maces & Flails skill increases to level 5!
Your Dodging skill increases to level 2!
You have reached level 3!
Your experience leads to an increase in your attributes!
Increase (S)trength, (I)ntelligence, or (D)exterity?
You feel stronger. x2
Unknown command.
Unknown command.
You thump the ogre!
You headbutt the ogre, but do no damage.
The ogre is heavily wounded.
The ogre hits you with a +0 giant club!
* * * LOW HITPOINT WARNING * * *
You thump the ogre! You headbutt the ogre.
You kill the ogre!
The white imp gestures at you. The puff of frost hits you!
* * * LOW HITPOINT WARNING * * *
Your Fighting skill gained 2 levels and is now at level 7!
Your Maces & Flails skill gained 2 levels and is now at level 7!
Your Armour skill increases to level 5!
Your Dodging skill increases to level 3!
You have reached level 4!
You feel agile.
Unknown command.
You closely miss the white imp. The white imp barely misses you.
You barely miss the white imp. The white imp gestures at you.
You block the puff of frost.
You barely miss the white imp.
The white imp hits you but does no damage.
You closely miss the white imp. The white imp barely misses you.
Unknown command.
Unknown command.
You closely miss the white imp. The white imp gestures at you.
The puff of frost hits you!
You die...

▓.▓
▓.▓
▓.▓
▓)▓
▓)▓
▓.▓
▓.▓
▓.▓
▓@▓
▓5▓
▓s▓
▓.▓
▓.▓
▓.▓
▓.▓
▓+▓


You could see a scorpion and a white imp.

Vanquished Creatures
  An ogre (D)
  An iguana (D)
  An adder (D)
  A goblin (D)
  A hobgoblin (D)
  A kobold (D)
  2 rats (D)
8 creatures vanquished.

Notes
Turn   | Place    | Note
-------+----------+-------------------------------------------
     0 | D        | 123456 the Minotaur Fighter began the quest for the Orb.
     0 | D        | Reached XP level 1. HP: 19/19 MP: 0/0
    11 | D        | Reached skill level 1 in Dodging
    35 | D        | Noticed an iguana
    35 | D        | Noticed an ogre
    35 | D        | Noticed a scorpion
    38 | D        | Reached XP level 2. HP: 28/28 MP: 1/1
    48 | D        | Reached skill level 5 in Fighting
    48 | D        | Reached skill level 5 in Maces & Flails
    48 | D        | Reached XP level 3. HP: 26/37 MP: 2/2
    49 | D        | Killed an ogre
    50 | D        | Reached skill level 5 in Armour
    50 | D        | Reached XP level 4. HP: 5/47 MP: 3/3
    54 | D        | Killed from afar by a white imp

Illustrated notes

Levels and vault maps discovered:
D:        linesprint [early_d, line_temple, items_1, d_10, items_2, lair_1,
          lair_end, items_3, orc_1, orc_end, items_4, d_15, swamp_1, shoals_1,
          snake_1, spider_1, d_20, vaults_1, items_5, swamp_end, shoals_end,
          snake_end, spider_end, vaults_end, d_27, items_6, zot_1, zot_end,
          crypt_end, forest_end, elf_end, slime_end, tomb_end, abyss_end,
          pan_hell_end]

Skill      XL: |  1  2  3 |
---------------+----------+-----
Fighting       | 4 5 7 |  7.4
Maces & Flails | 4 5 7 |  7.0
Dodging        | 1 2 3 |  3.8
Armour         | 4 5 |  5.8
Shields        | |  3.6

Action                     |  1- 3 |  4- 6 || total
---------------------------+-------+-------++-------
  Melee: Flail             |    23 |     5 ||    28
         Headbutt          |     4 |       ||     4
 Armour: Scale mail        |     5 |     1 ||     6
  Dodge: Dodged            |    11 |     2 ||    13
  Block: Buckler           |     1 |     1 ||     2

Table legend: (Time is in decaauts)
 A = Elapsed time spent in this place.
 B = Non-inter-level travel time spent in this place.
 C = Inter-level travel time spent in this place.
 D = Time resting spent in this place.
 E = Time spent auto-exploring this place.
 F = Levels seen in this place.
 G = Mean time per level.
                   A        B        C        D        E       F      G
               +--------+--------+--------+--------+--------+-----+--------+
         Total |     60 |     60 |      0 |      0 |     24 |   1 |   60.0 |
       Dungeon |     60 |     60 |      0 |      0 |     24 |   1 |   60.0 |
               +--------+--------+--------+--------+--------+-----+--------+

Top non-repeatable levels by time:
       D: 60 daAuts
